 Dungeon Crawl Stone Soup version 0.20.0-4-g10b340a (webtiles) character file.

29208 Manul the Unseen (level 13, -5/90 HPs)
             Began as an Octopode Assassin on May 28, 2017.
             Was the Champion of Dithmenos.
             Slain by a frost giant
             ... wielding a +2 battleaxe of freezing
              (30 damage)
             ... in an ice cave.
             The game lasted 00:29:58 (14935 turns).

Manul the Unseen (Octopode Assassin)               Turns: 14935, Time: 00:29:59

Health: -5/90      AC:  1    Str: 13    XL:     13   Next: 43%
Magic:  0/23       EV: 26    Int: 14    God:    Dithmenos [******]
Gold:   983        SH: 13    Dex: 25    Spells: 9/20 levels left

rFire    . . .     SeeInvis .   G - +2 short sword (speed)
rCold    . . .     Gourm    .   o - +1 shield
rNeg     + . .     Faith    .   (helmet restricted)
rPois    .         Spirit   +   K - amulet of guardian spirit
rElec    .         Reflect  .   F - +3 ring of dexterity
rCorr    .         Harm     .   R - ring of wizardry
MR       .....                  q - ring of positive energy
Stlth    ++++++++++             V - ring of wizardry
Regen    0.7/turn               (no ring)
MPRegen  0.2/turn               (no ring)
                                (no ring)
                                (no ring)

@: agile, very slightly contaminated, hasted, wreathed by umbra, invisible
(expiring), very quick
A: almost no armour, stealthy swim, amphibious, 8 rings, constrict 8, tentacle
spike 1, camouflage 1, blink, high mp 2, regeneration 1, strong 1, gelatinous
body 1, MP-powered wands
a: Blink, Shadow Step, Shadow Form, Renounce Religion


You were in an ice cave.
You worshipped Dithmenos.
Dithmenos was exalted by your worship.
You were not hungry.

You visited 2 branches of the dungeon, and saw 14 of its levels.
You also visited: Sewer, Ossuary and Ice Cave.

You collected 983 gold pieces.

Inventory:

Hand Weapons
 b - a +0 blowgun
 x - a +7 hand crossbow
 B - a cursed +0 whip
 G - a +2 short sword of speed (weapon)
Missiles
 c - 63 poisoned needles
 d - 17 curare-tipped needles
 s - 73 bolts
Armour
 o - a +1 shield (worn)
Magical Staves
 y - an uncursed staff of conjuration {unknown}
Jewellery
 q - a ring of positive energy (on tentacle)
 F - a +3 ring of dexterity (left tentacle)
 K - an amulet of guardian spirit (around mantle)
 R - a ring of wizardry (right tentacle)
 V - a ring of wizardry (on tentacle)
Wands
 a - a wand of disintegration (2/24)
 I - a wand of enslavement (22/24)
 M - a wand of disintegration (4/24)
 P - a wand of paralysis (9/24)
 Q - a wand of digging (7/24)
 S - a wand of iceblast (11/15)
 U - a wand of polymorph (14/24)
Scrolls
 e - 2 scrolls of fog
 g - 2 scrolls of random uselessness {unknown}
 h - 3 scrolls of enchant armour
 i - 2 scrolls of fear {unknown}
 n - 4 scrolls of recharging
 u - 6 scrolls of teleportation
 v - 7 scrolls of remove curse
 H - 2 scrolls of magic mapping
 L - 2 scrolls of enchant weapon
 N - 3 scrolls of amnesia
Potions
 k - a potion of ambrosia
 t - a potion of brilliance
 w - 3 potions of flight
 C - 6 potions of curing
Books
 m - a book of Minor Magic

   Spells                             Type                      Level
   a - Magic Dart                     Conjuration                  1
   b - Blink                          Translocation                2
   c - Call Imp                       Summoning                    2
   d - Slow                           Hexes                        2
   e - Conjure Flame                  Conjuration/Fire             3
   f - Mephitic Cloud                 Conjuration/Poison/Air       3
 J - a book of Geomancy

   Spells                             Type                      Level
   a - Sandblast                      Earth                        1
   b - Passwall                       Transmutation/Earth          2
   c - Stone Arrow                    Conjuration/Earth            3
   d - Petrify                        Transmutation/Earth          4
   e - Lee's Rapid Deconstruction     Earth                        5
 O - a book of Frost

   Spells                             Type                      Level
   a - Freeze                         Ice                          1
   b - Throw Frost                    Conjuration/Ice              2
   c - Ozocubu's Armour               Charms/Ice                   3
   d - Throw Icicle                   Conjuration/Ice              4
   e - Summon Ice Beast               Ice/Summoning                4
 T - a book of Air

   Spells                             Type                      Level
   a - Shock                          Conjuration/Air              1
   b - Swiftness                      Charms/Air                   2
   c - Static Discharge               Conjuration/Air              3
   d - Airstrike                      Air                          4
   e - Lightning Bolt                 Conjuration/Air              5
Comestibles
 f - 11 bread rations
 j - 4 royal jellies
 l - 8 meat rations
 z - 13 fruits
 W - 18 chunks of flesh


   Skills:
 + Level 9.6 Fighting
 - Level 6.9 Short Blades
 + Level 8.0 Crossbows
 - Level 2.1 Throwing
 + Level 9.3 Dodging
 + Level 17.0 Stealth
 * Level 8.6 Shields
 + Level 4.1 Spellcasting
 - Level 1.8 Translocations
 + Level 1.4 Evocations


You had 9 spell levels left.
You knew the following spells:

 Your Spells              Type           Power        Failure   Level  Hunger
a - Blink                 Tloc           N/A          9%          2    ##.....
b - Confuse               Hex            #.......     32%         3    ###....
c - Ensorcelled Hibernat  Hex/Ice        #.....       17%         2    ##.....
d - Corona                Hex            #......      12%         1    None
e - Tukima's Dance        Hex            #.......     32%         3    ###....


Dungeon Overview and Level Annotations

Branches:
Dungeon (13/15)            Temple (1/1) D:5            Lair (0/6) D:8
    Orc (0/2) D:11
 Vaults: D:13-14

Altars:
Ashenzari
Cheibriados
Dithmenos
Elyvilon
Fedhas
Gozag
Hepliaklqana
Kikubaaqudgha
Makhleb
Nemelex Xobeh
Okawaru
Qazlal
Ru
Sif Muna
Trog
Uskayaw
Vehumet
Xom
Yredelemnul
Zin
The Shining One

Shops:
D:8 :   D:12 :


Innate Abilities, Weirdness & Mutations

You cannot wear most types of armour.
You are very stealthy in the water. (Stealth+)
You are amphibious.
You can wear up to eight rings at the same time.
You can use your tentacles to constrict eight enemies at once.
Your skin changes colour to match your surroundings (Stealth+).
Your rubbery body absorbs attacks. (AC +1, EV +1)
One of your tentacles bears a spike.
You can translocate small distances at will.
You have a considerably increased reservoir of magic. (+20% MP)
Your natural rate of healing is unusually fast.
Your muscles are strong. (Str +2)
You expend magic power (3 MP) to strengthen your wands.


Message History

The frost giant hits you with a battleaxe of freezing!!!
* * * LOW HITPOINT WARNING * * *
The frost giant freezes you!!
* * * LOW HITPOINT WARNING * * *
You don't have enough health at the moment.
Okay, then.
You feel much better. You block the frost giant's attack.
Okay, then.
Okay, then.
Evoke which item? (* to show all) (? for menu, Esc to quit)
Okay, then.
Casting: Ensorcelled Hibernation
Confirm with . or Enter, or press ? or * to list all spells.
Okay, then.
Okay, then.
Okay, then.
Okay, then.
You feel yourself speed up.
The frost giant hits you with a battleaxe of freezing!!
You die...

##########
#####.†(##...###
.#...##...##...###
#..##########....###
##..##≈≈≈≈≈≈##..@..#
#..##≈≈≈≈≈≈≈≈##.C..#
.###≈≈≈≈≈≈≈###...###
##≈≈≈≈≈≈#####...##
≈≈≈###### §÷†###
≈≈## ..## ≈≈### .##
≈≈≈≈## ≈#≈≈≈##


You could see a frost giant.

Vanquished Creatures
  Josephine (D:11)
  2 slime creatures (D:12)
  5 two-headed ogres
  3 death yaks
  Urug (D:11)
  Pikel (D:9)
  An ugly thing (D:12)
  A deep elf mage (D:7)
  2 manticores
  Joseph (D:7)
  Psyche (D:10)
  A gargoyle (D:12)
  2 kobold demonologists
  5 trolls
  9 polar bears (IceCv)
  4 hippogriffs
  Sigmund (D:5)
  A centaur simulacrum (D:11)
  A shadow (D:13)
  4 wraiths
  19 yaks
  Grum (D:11)
  4 vampire mosquitoes (D:12)
  3 hungry ghosts
  2 acid dragons
  A water moccasin (D:11)
  A soldier ant (D:10)
  11 ice beasts
  5 orc warriors
  2 sky beasts
  A black bear (D:10)
  A phantom (D:11)
  9 ogres
  15 wolves
  A necrophage (D:11)
  5 centaurs
  A crocodile (D:7)
  A big kobold (D:11)
  2 elf zombies (D:6)
  2 wyvern zombies
  10 bullfrogs
  2 elf skeletons (D:6)
  A gnoll sergeant (D:6)
  3 scorpions
  7 killer bees
  A troll zombie (D:11)
  5 wights (D:9)
  4 howler monkeys (D:7)
  3 crimson imps
  4 bullfrog zombies
  4 centaur zombies
  2 quasits (D:9)
  5 orc priests
  2 centaur skeletons
  5 hounds
  5 jellies
  9 orc wizards
  12 mummies (Ossuary)
  2 bullfrog skeletons
  3 iguanas
  12 worker ants
  5 killer bee zombies
  5 ogre zombies (D:11)
  3 hound zombies
  2 howler monkey zombies
  7 worker ant zombies
  3 gnolls (D:6)
  2 howler monkey skeletons (D:6)
  15 adders
  2 shadow imps (D:7)
  2 oozes (D:2)
  An adder skeleton (D:6)
  5 adder zombies
  6 worms
  A dart slug (D:1)
  4 leopard geckos
  38 orcs
  5 ball pythons
  6 bats
  8 giant cockroaches
  A goblin (D:3)
  7 hobgoblins
  4 jackals (D:5)
  7 quokkas
  11 frilled lizards
  A giant cockroach zombie (Ossuary)
  2 goblin skeletons (D:11)
  A hobgoblin skeleton (D:11)
  2 hobgoblin zombies (D:11)
  A jackal skeleton (D:5)
  A jackal zombie (D:7)
  10 kobolds
  2 leopard gecko zombies (Ossuary)
  2 orc skeletons
  13 orc zombies
  6 rats
426 creatures vanquished.

Vanquished Creatures (others)
  2 rime drakes (IceCv)
  5 polar bears (IceCv)
  A yak (IceCv)
  4 wolves (IceCv)
  A leopard gecko (D:9)
  An orc (D:11)
  A withered plant (Ossuary)
15 creatures vanquished.

Grand Total: 441 creatures vanquished

Notes
Turn   | Place    | Note
-------+----------+-------------------------------------------
     0 | D:1      | Manul the Octopode Assassin began the quest for the Orb.
     0 | D:1      | Reached XP level 1. HP: 14/14 MP: 1/1
   696 | D:2      | Reached XP level 2. HP: 19/19 MP: 2/2
   915 | D:2      | Found a sacrificial altar of Ru.
  1032 | D:2      | Reached XP level 3. HP: 5/24 MP: 3/3
  1369 | D:2      | Reached skill level 6 in Stealth
  1432 | D:2      | Reached skill level 1 in Shields
  2052 | D:2      | Reached XP level 4. HP: 17/30 MP: 4/4
  2748 | D:3      | Found a glowing drain.
  2779 | Sewer    | Entered a sewer
  2885 | Sewer    | Reached XP level 5. HP: 33/35 MP: 5/5
  2890 | Sewer    | Reached skill level 7 in Stealth
  2935 | Sewer    | Reached XP level 6. HP: 37/41 MP: 6/6
  3215 | D:3      | Reached skill level 8 in Stealth
  3240 | D:3      | Gained mutation: Your natural rate of healing is unusually fast. [potion of mutation]
  3240 | D:3      | Gained mutation: Your mind is acute. (Int +2) [potion of mutation]
  3240 | D:3      | Gained mutation: Your muscles are strong. (Str +2) [potion of mutation]
  3570 | D:4      | Reached XP level 7. HP: 35/45 MP: 7/7
  4338 | D:5      | Entered Level 5 of the Dungeon
  4422 | D:5      | Learned a level 2 spell: Blink
  4450 | D:5      | Found a sparkling altar of Nemelex Xobeh.
  4464 | D:5      | Reached skill level 5 in Fighting
  4464 | D:5      | Reached skill level 5 in Dodging
  4464 | D:5      | Reached skill level 10 in Stealth
  4464 | D:5      | Reached skill level 5 in Shields
  4464 | D:5      | Reached XP level 8. HP: 48/56 MP: 7/14
  4580 | D:5      | Found a staircase to the Ecumenical Temple.
  4586 | Temple   | Entered the Ecumenical Temple
  4623 | Temple   | Became a worshipper of Dithmenos the Shadowed
  4761 | D:5      | Gained mutation: You have an increased reservoir of magic. (+10% MP) [mutagenic meat]
  4762 | D:5      | Gained mutation: One of your tentacles bears a spike. [mutagenic meat]
  4763 | D:5      | Gained mutation: You have a considerably increased reservoir of magic. (+20% MP) [mutagenic meat]
  4764 | D:5      | Lost mutation: Your mind is acute. (Int +2) [mutagenic meat]
  4765 | D:5      | Gained mutation: You can translocate small distances at will. [mutagenic meat]
  4766 | D:5      | Gained mutation: You expend magic power (3 MP) to strengthen your wands. [mutagenic meat]
  4767 | D:5      | Noticed Sigmund
  4775 | D:5      | Killed Sigmund
  4775 | D:5      | Reached skill level 11 in Stealth
  4775 | D:5      | Reached XP level 9. HP: 62/62 MP: 16/18
  5076 | D:6      | Reached skill level 1 in Translocations
  5272 | D:6      | Reached * piety under Dithmenos
  5662 | D:6      | Found a sand-covered staircase.
  5673 | Ossuary  | Entered an ossuary
  5768 | Ossuary  | Reached ** piety under Dithmenos
  5791 | Ossuary  | Reached skill level 5 in Crossbows
  5817 | Ossuary  | Reached skill level 12 in Stealth
  6026 | Ossuary  | Reached XP level 10. HP: 68/68 MP: 19/19
  6317 | D:7      | Found a hazy altar of Hepliaklqana.
  6379 | D:7      | Noticed Joseph
  6387 | D:7      | Killed Joseph
  6452 | D:7      | Noticed a manticore
  6461 | D:7      | Killed a manticore
  6528 | D:7      | Reached *** piety under Dithmenos
  6596 | D:7      | Noticed a deep elf mage
  6604 | D:7      | Killed a deep elf mage
  6786 | D:7      | Learned a level 3 spell: Confuse
  6789 | D:7      | Learned a level 2 spell: Ensorcelled Hibernation
  6791 | D:7      | Learned a level 1 spell: Corona
  6795 | D:7      | Learned a level 3 spell: Tukima's Dance
  7393 | D:8      | Noticed a two-headed ogre
  7397 | D:8      | Killed a two-headed ogre
  7397 | D:8      | Reached skill level 13 in Stealth
  7446 | D:8      | Found a staircase to the Lair.
  7446 | D:8      | Noticed a death yak
  7447 | D:8      | Noticed a death yak
  7447 | D:8      | Noticed a death yak
  7447 | D:8      | Noticed a death yak
  7448 | D:8      | Noticed a death yak
  7499 | D:7      | Killed a death yak
  7499 | D:7      | Reached XP level 11. HP: 44/75 MP: 20/20
  7970 | D:8      | Found Xiwugigg's Book Shoppe.
  8150 | D:8      | Noticed a death yak
  8162 | D:8      | Found a glowing silver altar of Zin.
  8189 | D:9      | Noticed a two-headed ogre
  8194 | D:9      | Killed a two-headed ogre
  8194 | D:9      | Reached skill level 14 in Stealth
  8204 | D:9      | Reached **** piety under Dithmenos
  8341 | D:9      | Noticed a two-headed ogre
  8357 | D:9      | Killed a two-headed ogre
  8444 | D:9      | Noticed Pikel
  8479 | D:9      | Killed Pikel
  9069 | D:10     | Entered Level 10 of the Dungeon
  9533 | D:10     | Reached skill level 15 in Stealth
  9545 | D:10     | Noticed Psyche
  9557 | D:10     | Killed Psyche
 10234 | D:11     | Noticed Urug
 10690 | D:12     | Reached ***** piety under Dithmenos
 10711 | D:12     | Reached XP level 12. HP: 59/82 MP: 21/21
 10811 | D:12     | Found Kantef's Book Shop.
 10811 | D:12     | Noticed a two-headed ogre
 10828 | D:12     | Killed a two-headed ogre
 10906 | D:12     | Noticed a two-headed ogre
 10917 | D:12     | Killed a two-headed ogre
 11519 | D:12     | Reached skill level 16 in Stealth
 11643 | D:11     | Noticed Grum
 12128 | D:11     | Reached skill level 1 in Evocations
 12165 | D:11     | Noticed Josephine
 12181 | D:11     | Killed Josephine
 12308 | D:11     | Killed Urug
 12603 | D:11     | Found a staircase to the Orcish Mines.
 13246 | D:11     | Killed Grum
 13451 | D:13     | Reached XP level 13. HP: 78/90 MP: 20/23
 13478 | D:13     | Found a frozen archway.
 13685 | IceCv    | Entered an ice cave
 14067 | IceCv    | Reached ****** piety under Dithmenos
 14788 | IceCv    | Reached skill level 17 in Stealth
 14866 | IceCv    | Noticed a frost giant
 14935 | IceCv    | Slain by a frost giant

Skill      XL: |  1  2  3  4  5  6  7  8  9 10 11 12 13 |
---------------+----------------------------------------+-----
Stealth        | 6 7 8 10 11 12 13 15 16 17 | 17.0
Shields        | 1 2 5 7 8 |  8.6
Short Blades   | 3 6 |  6.9
Dodging        | 2 5 6 7 8 9 |  9.3
Fighting       | 5 6 7 8 9 |  9.6
Crossbows      | 4 5 6 7 8 |  8.0
Spellcasting   | 4 |  4.1
Translocations | 1 |  1.8
Evocations     | 1 |  1.4
Throwing       | |  2.1

Action                   |  1- 3 |  4- 6 |  7- 9 | 10-12 | 13-15 || total
-------------------------+-------+-------+-------+-------+-------++-------
Melee: Dagger            |    47 |   125 |   140 |       |       ||   312
       Constrict         |     6 |    27 |    60 |    68 |     9 ||   170
       Tentacles         |     6 |    25 |   106 |   216 |    59 ||   412
       Short sword       |       |       |   236 |   730 |   205 ||  1171
       Kick              |       |       |   125 |   328 |    89 ||   542
 Fire: Blowgun           |     9 |       |       |       |       ||     9
       Hand crossbow     |       |       |     1 |   119 |    86 ||   206
 Abil: Blink             |       |       |       |     4 |       ||     4
Evoke: Wand              |       |       |       |     6 |     6 ||    12
  Use: Potion            |       |     2 |     3 |     6 |    10 ||    21
       Scroll            |       |       |     6 |    14 |     2 ||    22
 Stab: Sleeping          |    11 |     8 |    20 |    59 |     2 ||   100
       Distracted        |       |     1 |     5 |     9 |     2 ||    17
       Paralysed         |       |       |       |     6 |       ||     6
       Invisible         |       |       |       |       |     6 ||     6
  Eat: Chunk             |     3 |     5 |    14 |    22 |     4 ||    48
       Bread ration      |       |       |       |     1 |       ||     1
Armor: Skin              |     2 |    49 |    61 |    14 |     4 ||   130
Dodge: Dodged            |    15 |    33 |   120 |   332 |   181 ||   681
Block: Shield            |    11 |    37 |   129 |   268 |   182 ||   627
